 Dungeon Crawl Stone Soup version 0.22-a0-515-g75794bf (webtiles) character file.

42 iamserjio the Magician (level 3, -2/23 HPs)
             Began as an Octopode Wanderer on June 19, 2018.
             Slain by a worm (9 damage)
             ... on level 2 of the Dungeon.
             The game lasted 00:03:22 (1880 turns).

iamserjio the Magician (Octopode Wanderer)          Turns: 1880, Time: 00:03:23

Health: -2/23      AC:  1    Str: 11    XL:     3   Next: 56%
Magic:  6/8        EV: 13    Int: 15    God:
Gold:   79         SH:  0    Dex: 11    Spells: 9/10 levels left

rFire    . . .     SeeInvis .     - Unarmed
rCold    . . .     Gourm    .   (no shield)
rNeg     . . .     Faith    .   (helmet restricted)
rPois    .         Spirit   .   (no amulet)
rElec    .         Reflect  .   (no ring)
rCorr    .         Harm     .   (no ring)
MR       .....                  (no ring)
Stlth    +++.......             (no ring)
HPRegen  0.07/turn              (no ring)
MPRegen  0.11/turn              (no ring)
                                (no ring)
                                (no ring)

@: very slightly contaminated
A: almost no armour, stealthy swim, amphibious, 8 rings, constrict 8, camouflage
1, gelatinous body 1
a: no special abilities


You were on level 2 of the Dungeon.
You were not hungry.

You visited 1 branch of the dungeon, and saw 2 of its levels.

You collected 79 gold pieces.

Inventory:

Hand Weapons
 b - a +0 short sword
 d - a +0 dagger
Jewellery
 a - an uncursed ring of protection from magic {unknown}
 c - a cursed -2 ring of evasion {unknown}
 h - an uncursed ring of positive energy {unknown}
Scrolls
 e - a scroll of identify {unknown}
 g - 2 scrolls of fear
 i - a scroll of enchant armour {unknown}
 k - a scroll of random uselessness {unknown}
Comestibles
 f - 4 rations


   Skills:
 + Level 1.0 Fighting
 + Level 1.2 Dodging
 + Level 2.5 Stealth
   Level 1.0 Shields
 * Level 1.7 Unarmed Combat
 - Level 4.0 Spellcasting
   Level 1.0 Conjurations
   Level 1.0 Necromancy
 - Level 2.0 Ice Magic


You had 9 spell levels left.
You knew the following spells:

 Your Spells              Type           Power        Failure   Level  Hunger
a - Freeze                Ice            #...         8%          1    None

Your spell library contained the following spells:

 Spells                   Type           Power        Failure   Level  Hunger
 Throw Frost              Conj/Ice       #.....       14%         2    ##.....
 Summon Ice Beast         Ice/Summ       #.......     75%         4    ####...
 Ozocubu's Armour         Chrm/Ice       #.......     34%         3    ###....
 Sublimation of Blood     Necr           #.........   19%         2    ##.....
 Corpse Rot               Necr           N/A          19%         2    ##.....
 Throw Icicle             Conj/Ice       #.......     67%         4    ####...


Dungeon Overview and Level Annotations

Branches:
Dungeon (2/15)

Altars:


Innate Abilities, Weirdness & Mutations

You cannot wear most types of armour.
You are very stealthy in the water. (Stealth+)
You are amphibious.
You can wear up to eight rings at the same time.
You can use your tentacles to constrict eight enemies at once.
Your skin changes colour to match your surroundings (Stealth+).
Your rubbery body absorbs attacks. (AC +1, EV +1)


Message History

The worm is moderately wounded.
The worm bites you.
You aren't carrying any items that you can evoke.
Unknown command.
Casting: Freeze (safe; 8% risk of failure)
Confirm with . or Enter, or press ? or * to list all spells.
Aiming: Freeze (safe; 8% risk of failure)
Press: ? - help, Shift-Dir - straight line, f - worm
Aim: a worm (moderately wounded)
You freeze the worm.
The worm is heavily wounded.
Casting: Freeze (safe; 8% risk of failure)
Confirm with . or Enter, or press ? or * to list all spells.
Aiming: Freeze (safe; 8% risk of failure)
Press: ? - help, Shift-Dir - straight line, f/p - worm
Aim: a worm (heavily wounded)
You miscast Freeze.
You are very lightly contaminated with residual magic.
Nothing appears to happen.
The worm bites you!
You die...

#.# #.# #.# #.# ####.#
#.# #...g# #.# #>##.#
#.# #######.##.# #.#
......?g...# #.#
######w##.# #.# #@##.#
#.# .........#.# #.#
#######.##.#########.#
####...........#
#############


You could see a worm and a hobgoblin.

Vanquished Creatures
  2 leopard geckos
  A ball python (D:1)
  5 bats
  A giant cockroach (D:1)
  6 goblins (D:1)
  2 hobgoblins
  6 jackals (D:2)
  5 frilled lizards
  5 kobolds (D:1)
  4 rats
37 creatures vanquished.

Notes
Turn   | Place    | Note
-------+----------+-------------------------------------------
     0 | D:1      | iamserjio the Octopode Wanderer began the quest for the Orb.
     0 | D:1      | iamserjio set off with: a +0 dagger, a ration
     0 | D:1      | Reached XP level 1. HP: 11/11 MP: 5/5
     2 | D:1      | Learned a level 1 spell: Freeze
   257 | D:1      | Reached XP level 2. HP: 18/18 MP: 7/7
   292 | D:1      | Reached skill level 1 in Unarmed Combat
   926 | D:1      | Reached XP level 3. HP: 21/22 MP: 8/8
  1197 | D:1      | Reached skill level 1 in Dodging
  1487 | D:2      | Reached skill level 1 in Fighting
  1880 | D:2      | Slain by a worm

Vault maps used:
D:1:      kilobyte_arrival_exit_the_forest, minmay_box_of_dots

Skill      XL: |  1  2  3 |
---------------+----------+-----
Unarmed Combat | 1 |  1.7
Stealth        | 2 |  2.5
Dodging        | 1 |  1.2
Fighting       | 1 |  1.0
Shields        | |  1.0
Spellcasting   | |  4.0
Conjurations   | |  1.0
Necromancy     | |  1.0
Ice Magic      | |  2.0

Action                   || total
-------------------------++-------
Melee: Dagger            ||    32
       Constrict         ||    17
       Tentacles         ||     7
       Unarmed           ||    43
 Cast: Freeze            ||    10
  Use: Scroll            ||     1
 Stab: Sleeping          ||     9
       Distracted        ||     1
  Eat: Chunk             ||     3
Armor: Skin              ||     4
Dodge: Dodged            ||    44

Table legend:
 A = Spawn XP
 B = Non-spawn XP
 C = Spawn XP percentage of total XP
 D = Spawn monster count
 E = Non-spawn monster count
 F = Spawn count percentage of total count
 G = Total turns spent on level
                    A         B        C        D         E        F      G
               +---------+---------+-------+---------+---------+-------+---------
         Total |       0 |      61 |   0.0 |       0 |      37 |   0.0 |  1880
               +---------+---------+-------+---------+---------+-------+---------
           D:1 |       0 |      38 |   0.0 |       0 |      23 |   0.0 |  1469
           D:2 |       0 |      23 |   0.0 |       0 |      14 |   0.0 |   411
               +---------+---------+-------+---------+---------+-------+---------
